 Dungeon Crawl Stone Soup version 0.28.0-47-ge53b351184 (webtiles) character file.

Game seed: 16154062137532696078

104 CryoSword the Skirmisher (level 4, -5/46 HPs)
             Began as an Ogre Berserker on Apr 27, 2022.
             Was a Believer of Trog.
             Slain by an orc
             ... wielding a +0 mace
              (6 damage)
             ... on level 3 of the Dungeon.
             The game lasted 00:02:34 (2587 turns).

CryoSword the Skirmisher (Ogre Berserker)           Turns: 2587, Time: 00:02:34

Health: -5/46      AC:  3    Str: 23    XL:     4   Next: 80%
Magic:  4/4        EV: 12    Int:  8    God:    Trog [**....]
Gold:   82         SH:  6    Dex: 10    Spells: 3/3 levels left

rFire   . . .      SeeInvis +   a - +0 mace
rCold   . . .      Faith    .   c - +0 kite shield
rNeg    . . .      Spirit   .   b - +0 animal skin
rPois   .          Reflect  .   (helmet restricted)
rElec   .          Harm     .   (no cloak)
rCorr   .          Rampage  .   (gloves unavailable)
Will    .....                   (boots unavailable)
Stlth   +.........              (no amulet)
HPRegen 0.15/turn               g - +4 ring of evasion
MPRegen 0.09/turn               f - ring of see invisible

@: on berserk cooldown, slowed, very slow
A: large, unfitting armour, tough skin 1, horns 1, frail 1, strong 1, subdued
magic 1
a: Renounce Religion, Berserk, Trog's Hand


You were on level 3 of the Dungeon.
You worshipped Trog.
Trog was pleased with you.
You visited 1 branch of the dungeon, and saw 3 of its levels.

You collected 82 gold pieces.

Inventory:

Hand Weapons
 a - a +0 mace (weapon)
Missiles
 d - 6 poisoned darts (quivered)
Armour
 b - a +0 animal skin (worn)
 c - a +0 kite shield (worn)
   (You found it on level 1 of the Dungeon)
Jewellery
 f - a ring of see invisible (right hand)
   (You found it on level 1 of the Dungeon)
 g - a +4 ring of evasion (left hand)
   (You found it on level 1 of the Dungeon)
Scrolls
 e - a scroll of teleportation {unknown}
 h - 2 scrolls of identify {unknown}
 j - a scroll of enchant armour {unknown}
 k - a scroll of immolation {unknown}
 l - a scroll of amnesia {unknown}


   Skills:
 * Level 6.2 Fighting
 + Level 3.5 Maces & Flails
 - Level 2.6 Dodging


You had 3 spell levels left.
You didn't know any spells.
Your spell library was empty.

Dungeon Overview and Level Annotations

Branches:
Dungeon (3/15)

Altars:


Innate Abilities, Weirdness & Mutations

You are too large for most types of armour.
You have tough skin. (AC +1)
You have a pair of small horns on your head.
You are frail. (-10% HP)
Your muscles are strong. (Str +2)
Your spells are a little easier to cast, but a little less powerful.


Message History

No target in view!
No target in view!
No target in view!
No target in view!
No target in view!
You see here a +0 dagger.
An endoplasm comes into view.
An endoplasm is nearby!
An endoplasm is nearby!
An endoplasm is nearby!
You see here the +9 dagger of Nodoh {freeze, Will+ Dex+4}.
You block the endoplasm's attack.
You hit the endoplasm. The endoplasm barely misses you.
You hit the endoplasm.
You kill the endoplasm!
Trog accepts your kill.
No target in view!
No target in view!
No target in view!
No target in view!
No target in view!
No target in view!
No target in view!
No target in view!
No target in view!
No target in view!
No target in view!
A rat comes into view.
A rat is nearby!
A rat is nearby!
A rat is nearby!
Found 4 gold pieces.
You closely miss the rat. The rat bites you but does no damage.
The rat closely misses you.
You hit the rat. The rat barely misses you.
You sock the rat!
You kill the rat!
Trog accepts your kill.
No target in view!
You now have 82 gold pieces (gained 4).
A kobold comes into view. It is wielding a +0 short sword.
The kobold shouts!
A kobold is nearby!
A kobold is nearby!
A kobold is nearby!
The kobold throws a stone.
You block the stone.
You barely miss the kobold.
The kobold hits you with a +0 short sword.
You closely miss the kobold. The kobold misses you.
You barely miss the kobold. The kobold hits you but does no damage.
The kobold closely misses you.
You hit the kobold.
The kobold hits you with a +0 short sword.
You closely miss the kobold.
The kobold hits you with a +0 short sword.
You sock the kobold!
You kill the kobold!
Trog accepts your kill.
No target in view!
Things that are here:
a +0 short sword; 2 stones
Found an escape hatch in the floor.
m - an amulet of faith {!P} Done exploring.
Done exploring.
Okay, then.
You drop an amulet of faith {!P}.
Done exploring.
Done exploring.
There is an escape hatch in the floor here.
There is a stone staircase leading down here.
You climb downwards.
There is a stone staircase leading up here.
There is a stone staircase leading up here. 2 orcs and an orc priest come into view.
Found 10 gold pieces.
The orc shouts! x2; The orc priest shouts!
You hear a shout!
There are monsters nearby!
There are monsters nearby!
An orc comes into view. It is wielding a +0 mace.
The orc shouts!
You completely miss the orc priest.
The orc priest invokes the aid of Beogh against you.
Beogh smites you! You block the orc's attack.
Your skin crawls.
You feel strong-willed.
The orc priest invokes the aid of Beogh against you.
Beogh smites you! The orc closely misses you.
An orc comes into view. It is wielding a +0 hand axe.
A red film seems to cover your vision as you go berserk!
You feel yourself moving faster!
You feel mighty!
The orc priest hits you with a +0 short sword.
The orc barely misses you.
You barely miss the orc priest.
The orc priest hits you but does no damage.
The orc hits you from afar with a +0 trident!
* * * LOW HITPOINT WARNING * * *
You barely miss the orc priest.
The orc priest hits you with a +0 short sword.
* * * LOW HITPOINT WARNING * * *
The orc hits you from afar with a +0 trident.
* * * LOW HITPOINT WARNING * * *
You barely miss the orc priest.
You feel the effects of Trog's Hand fading.
The orc priest hits you with a +0 short sword.
* * * LOW HITPOINT WARNING * * *
You block the orc's attack.
You closely miss the orc priest.
The orc priest invokes the aid of Beogh against you.
Beogh smites you!
* * * LOW HITPOINT WARNING * * *
The orc misses you.
You closely miss the orc priest. The orc priest barely misses you.
You closely miss the orc priest. The orc misses you.
You block the orc priest's attack.
You sock the orc priest!
You kill the orc priest!
Trog accepts your kill. You block the orc's attack.
Your Fighting skill increases to level 6!
The orc closely misses you.
You see here a +0 short sword.
You thump the orc!
You kill the orc!
Trog accepts your kill.
You are no longer berserk.
You are exhausted.
You feel yourself slow down.
Your skin stops crawling.
You feel less strong-willed.
You hit the orc. The orc barely misses you. The orc closely misses you.
You barely miss the orc. You block the orc's attack.
The orc hits you with a +0 flail.
* * * LOW HITPOINT WARNING * * *
You barely miss the orc. The orc closely misses you. x2
It was a potion of mutation.
You feel extremely strange.
Your connection to magic feels subdued.
A pair of horns grows on your head!
You feel frail.
You feel stronger. The orc barely misses you. You block the orc's attack.
You hit the orc.
You kill the orc!
Trog accepts your kill. The orc hits you with a +0 mace.
* * * LOW HITPOINT WARNING * * *
You aren't carrying any potions.
You hit the orc. The orc hits you with a +0 mace!
* * * LOW HITPOINT WARNING * * *
The orc hits you with a +0 mace.
* * * LOW HITPOINT WARNING * * *
You barely miss the orc. The orc hits you with a +0 mace.
You die...

###......##
+.......##
###....##
#.#.##
#.###
#.######
#......#
######.#
#@# #o# #o#
#.# ..# ###


You could see 2 orcs.

Vanquished Creatures
  An orc priest (D:3)
  2 adders (D:2)
  A dart slug (D:2)
  2 orcs (D:3)
  4 endoplasms
  A giant cockroach (D:1)
  4 goblins
  6 hobgoblins (D:1)
  2 quokkas
  5 ball pythons
  2 bats
  6 frilled lizards
  10 kobolds
  6 rats
52 creatures vanquished.

Notes
Turn   | Place    | Note
-------+----------+-------------------------------------------
     0 | D:1      | CryoSword the Ogre Berserker began the quest for the Orb.
     0 | D:1      | Reached XP level 1. HP: 24/24 MP: 1/1
    90 | D:1      | Found a faded altar of an unknown god.
   356 | D:1      | Reached XP level 2. HP: 33/33 MP: 2/2
   763 | D:1      | Reached skill level 5 in Fighting
   980 | D:1      | Reached XP level 3. HP: 42/42 MP: 3/3
  1591 | D:2      | Reached ** piety under Trog
  2149 | D:2      | Reached XP level 4. HP: 51/52 MP: 4/4
  2423 | D:2      | Identified the +9 dagger of Nodoh {freeze, Will+ Dex+4}
  2579 | D:3      | Reached skill level 6 in Fighting
  2584 | D:3      | Gained mutation: Your spells are a little easier to cast,
                  | but a little less powerful. [potion of mutation]
  2584 | D:3      | Gained mutation: You have a pair of small horns on your
                  | head. [potion of mutation]
  2584 | D:3      | Gained mutation: You are frail. (-10% HP) [potion of
                  | mutation]
  2584 | D:3      | Gained mutation: Your muscles are strong. (Str +2) [potion
                  | of mutation]
  2586 | D:3      | HP: 1/46 [orc/+0 mace (4)]
  2587 | D:3      | Slain by an orc

Illustrated notes

Levels and vault maps discovered:
D:1:      lemuel_arrival_room, layout_basic,
          hellmonk_ecumenical_altar_heavens_door, st_stairs_11
D:2:      layout_loops_ring, kennysheep_generic_room_4
D:3:      layout_loops_corners, jmf_multi_god_temple2

Skill      XL: |  1  2  3  4 |
---------------+-------------+-----
Maces & Flails | 3 |  3.5
Fighting       | 5 6 |  6.2
Dodging        | |  2.6

Action                   |  1- 3 |  4- 6 || total
-------------------------+-------+-------++-------
Melee: Mace              |   121 |    36 ||   157
Invok: Berserk           |     3 |     1 ||     4
       Trog's Hand       |       |     1 ||     1
  Use: Potion            |       |     1 ||     1
 Stab: Sleeping          |     1 |       ||     1
Armor: Animal skin       |    31 |     5 ||    36
Dodge: Dodged            |    55 |    18 ||    73
Block: Kite shield       |    44 |    13 ||    57
